 Seeded DCSS version 0.25.1-2-g60ff931df9 (webtiles) character file.

Game seed: 13517884518436679655 (custom seed)

3058 sahdkjhfkaj the Blocker (level 9, -2/62 HPs)
             Began as an Octopode Fighter on Oct 1, 2020.
             Was an Initiate of Gozag.
             Slain by Harold
             ... wielding a +0 trident
              (17 damage)
             ... on level 7 of the Dungeon.
             The game lasted 00:10:52 (7570 turns).

sahdkjhfkaj the Blocker (Octopode Fighter)          Turns: 7570, Time: 00:10:53

Health: -2/62      AC:  1    Str: 17    XL:     9   Next: 87%
Magic:  9/9        EV: 16    Int: 12    God:    Gozag
Gold:   399        SH: 12    Dex: 17    Spells: 7/8 levels left

rFire    . . .     SeeInvis .   a - +1 spear (venom)
rCold    . . .     Gourm    .   b - +1 kite shield
rNeg     . . .     Faith    .   (helmet restricted)
rPois    .         Spirit   .   (no amulet)
rElec    .         Reflect  .   w - +6 ring of dexterity
rCorr    .         Harm     .   (no ring)
MR       .....                  (no ring)
Stlth    +++.......             (no ring)
HPRegen  0.20/turn              (no ring)
MPRegen  0.11/turn              (no ring)
                                (no ring)
                                (no ring)

@: marked, hasted, very quick
A: almost no armour, stealthy swim, amphibious, 8 rings, constrict 8, camouflage
1, gelatinous body 1
a: Potion Petition, Call Merchant, Bribe Branch, Renounce Religion


You were on level 7 of the Dungeon.
You worshipped Gozag.
Gozag was aware of your devotion.
You were hungry.

You visited 2 branches of the dungeon, and saw 8 of its levels.

You collected 512 gold pieces.
You paid 113 gold pieces to Gozag.

Inventory:

Hand Weapons
 a - a +1 spear of venom (weapon)
Armour
 b - a +1 kite shield (worn)
Jewellery
 w - a +6 ring of dexterity (left tentacle)
 x - an uncursed ring of fire
Wands
 z - a wand of flame (15)
Scrolls
 g - 3 scrolls of teleportation
 i - a scroll of amnesia {unknown}
 l - 4 scrolls of remove curse
 m - 5 scrolls of identify
 n - 2 scrolls of fog
 q - 2 scrolls of magic mapping
 t - a scroll of fear {unknown}
 y - a scroll of noise {unknown}
Potions
 c - a potion of might
 e - 2 potions of degeneration {unknown}
 f - 3 potions of curing {unknown}
 j - 3 potions of heal wounds
 k - a potion of mutation {unknown}
 o - a potion of flight {unknown}
 p - a potion of stabbing {unknown}
 r - a potion of resistance {unknown}
 s - 2 potions of cancellation {unknown}
 v - a potion of brilliance {unknown}
Comestibles
 d - 19 rations


   Skills:
 + Level 6.2 Fighting
 * Level 8.0 Polearms
 + Level 6.2 Dodging
 * Level 8.3 Shields


You had 7 spell levels left.
You knew the following spells:

 Your Spells              Type           Power        Failure   Level  Hunger
A - Animate Skeleton      Necr           N/A          61%         1    ##.....

Your spell library contained the following spells:

 Spells                   Type           Power        Failure   Level  Hunger
 Apportation              Tloc           #.....       61%         1    ##.....
 Corona                   Hex            #......      61%         1    ##.....
 Summon Small Mammal      Summ           #...         61%         1    ##.....


Dungeon Overview and Level Annotations

Branches:
Dungeon (7/15)             Temple (1/1) D:6

Altars:
Ashenzari
Cheibriados
Dithmenos
Elyvilon
Gozag
Hepliaklqana
Kikubaaqudgha
Makhleb
Nemelex Xobeh
Okawaru
Qazlal
Ru
Sif Muna
Trog
Uskayaw
Vehumet
Wu Jian
Xom
Yredelemnul
Zin
The Shining One

Shops:
D:5 [   D:6 (

Annotations:
D:7 Harold, Joseph


Innate Abilities, Weirdness & Mutations

You cannot wear most types of armour.
You are very stealthy in the water. (Stealth+)
You are amphibious.
You can wear up to eight rings at the same time.
You can use your tentacles to constrict eight enemies at once.
Your skin changes colour to match your surroundings (Stealth+).
Your rubbery body absorbs attacks. (AC +1, EV +1)


Message History

Harold is almost dead.
Harold hits you from afar with a +0 trident!
* * * LOW HITPOINT WARNING * * *
Unknown command.
Unknown command.
Attack whom?
Press: ? - help, Dir - move target cursor, f/p - Harold
Aim: Harold, wielding a +0 trident, wearing a +0 scale mail and carrying a wand of paralysis (7) (almost dead, extremely poisoned)
You reach to attack!
You hit Harold but do no damage.
Harold looks as sick as possible!
Harold is almost dead.
Unknown command.
Attack whom?
Press: ? - help, Dir - move target cursor, f/p - Harold
Aim: Harold, wielding a +0 trident, wearing a +0 scale mail and carrying a wand of paralysis (7) (almost dead, extremely poisoned)
You reach to attack!
You closely miss Harold.
Harold is almost dead.
Harold hits you from afar with a +0 trident!
You die...
Your body crumbles into a pile of gold.

........#....# #.......#....#
#### #..##..##....# ##..##
...##..##....# #....#
.......##..########...#
#....(.##..###...##..####
#)...............###'#..#
#..##'###.........@.....#
(..##..######...@##.....#
#......##..##+#####.....#
#.......................#
...............).#############
...##..##..##....##..###..#..#
...######'###....##..#.......#
.....,,,#............'.......#
.....,,,#............##..##..#
##.##,,*#'####...##..##..##..#


You could see Harold (extremely poisoned).

Vanquished Creatures
  Pikel (D:7)
  3 orc warriors (D:6)
  4 slaves (D:7)
  3 phantoms (D:7)
  A black bear (D:6)
  3 centaurs
  The ghost of ubername the Vexing, an amateur GnAM of Fedhas (D:3)
  3 ogres
  3 bullfrogs
  6 scorpions
  A howler monkey (D:4)
  2 crimson imps
  2 bullfrog zombies (D:7)
  A hound (D:6)
  2 jellies
  5 orc priests
  4 orc wizards
  An iguana (D:5)
  2 worker ants
  2 hound skeletons
  A howler monkey zombie (D:7)
  6 adders
  7 gnolls
  A howler monkey skeleton (D:5)
  A shadow imp (D:6)
  An ooze (D:5)
  5 worms
  3 dart slugs
  4 leopard geckos
  13 orcs
  7 bats
  6 giant cockroaches
  12 goblins
  10 hobgoblins
  6 jackals
  7 kobolds
  4 quokkas
  4 frilled lizards
  A quokka skeleton (D:4)
  A quokka zombie (D:5)
  7 rats
157 creatures vanquished.

Notes
Turn   | Place    | Note
-------+----------+-------------------------------------------
     0 | D:1      | sahdkjhfkaj the Octopode Fighter began the quest for the
                  | Orb.
     0 | D:1      | Reached XP level 1. HP: 16/16 MP: 1/1
    91 | D:1      | Reached XP level 2. HP: 14/21 MP: 2/2
   827 | D:1      | Reached XP level 3. HP: 26/26 MP: 3/3
  1008 | D:2      | HP: 1/26 [bat (1)]
  1331 | D:2      | Reached XP level 4. HP: 31/31 MP: 4/4
  1666 | D:2      | Found a radiant altar of Vehumet.
  2390 | D:3      | Reached XP level 5. HP: 36/36 MP: 5/5
  2746 | D:3      | Found a runed translucent door.
  2747 | D:3      | Noticed ubername's ghost (amateur GnAM)
  2789 | D:3      | Reached XP level 6. HP: 38/43 MP: 6/6
  2820 | D:3      | Killed ubername's ghost
  3300 | D:4      | Found an iron altar of Okawaru.
  3353 | D:4      | Found an ornate altar of the Wu Jian Council.
  3475 | D:4      | Reached skill level 5 in Shields
  3475 | D:4      | Reached XP level 7. HP: 37/48 MP: 7/7
  3703 | D:4      | Found a white marble altar of Elyvilon.
  3861 | D:4      | Found an ancient bone altar of Kikubaaqudgha.
  4106 | D:5      | Entered Level 5 of the Dungeon
  4189 | D:5      | Reached skill level 5 in Polearms
  4373 | D:5      | Found Furodyu's Antique Armour Shop.
  4908 | D:6      | Reached XP level 8. HP: 54/54 MP: 8/8
  5258 | D:6      | Reached skill level 5 in Fighting
  5258 | D:6      | Reached skill level 5 in Dodging
  5320 | D:6      | Found Ofyit's Weapon Shop.
  5723 | D:6      | Reached XP level 9. HP: 47/61 MP: 9/9
  5931 | D:6      | Found a staircase to the Ecumenical Temple.
  5954 | D:6      | Learned a level 1 spell: Animate Skeleton
  6101 | D:6      | Found a shimmering blue altar of Sif Muna.
  6173 | Temple   | Entered the Ecumenical Temple
  6293 | Temple   | Became a worshipper of Gozag Ym Sagoz the Greedy
  6569 | D:7      | Noticed Joseph
  6611 | D:7      | Noticed Pikel
  6644 | D:7      | Killed Pikel
  7163 | D:7      | Found a hazy altar of Hepliaklqana.
  7165 | D:7      | Found a shimmering altar of Xom.
  7165 | D:7      | Found a hide-covered altar of Uskayaw.
  7184 | D:7      | Found a burning altar of Makhleb.
  7184 | D:7      | Found a bloodstained altar of Trog.
  7184 | D:7      | Found a shimmering altar of Xom.
  7449 | D:7      | Noticed Harold
  7528 | D:7      | Paralysed by Harold for 2 turns
  7535 | D:7      | Paralysed by Harold for 5 turns
  7542 | D:7      | Paralysed by Harold for 7 turns
  7570 | D:7      | Slain by Harold

Illustrated notes

Levels and vault maps discovered:
D:1:      dpeg_arrival_arbitrary_c, layout_basic, chequers_serial_rivers_large_b
D:2:      layout_basic, lemuel_doored_altar, grunt_decor_one_mirror,
          supply_closet_lemuel
D:3:      layout_loops_ring, ebering_ghost_sewer_d, kennysheep_generic_room_8
D:4:      layout_loops_ring, kiku_gazebo_pond_becter, lemuel_crystal_altar,
          nicolae_overflow_crystal_walls, first_ration,
          okawaru_altar_gauntlet_db
D:5:      layout_basic, serial_shops, nicolae_shop_waterfront
D:6:      layout_basic, minmay_temple_entry_enclosed_plants, serial_shops,
          nicolae_shop_competitors_out_of_business, lemuel_blue_sif_altar
D:7:      layout_gridville, doesnt_xom_only_xom, enter_ossuary_1, uniq_harold,
          uniq_pikel, uniq_joseph
Temple:   compressed_dpeg_circular_temple

Skill      XL: |  1  2  3  4  5  6  7  8  9 |
---------------+----------------------------+-----
Polearms       | 3 4 5 6 8 |  8.0
Shields        | 4 5 7 8 |  8.3
Fighting       | 4 5 6 |  6.2
Dodging        | 4 5 6 |  6.2

Action                   |  1- 3 |  4- 6 |  7- 9 || total
-------------------------+-------+-------+-------++-------
Melee: Trident           |    30 |       |       ||    30
       Constrict         |     9 |    20 |    52 ||    81
       Tentacles         |     9 |    13 |    79 ||   101
       Spear             |    33 |   137 |   328 ||   498
Evoke: Wand              |       |       |     9 ||     9
  Use: Scroll            |       |     2 |     6 ||     8
       Potion            |       |       |     3 ||     3
 Stab: Sleeping          |    10 |     5 |    12 ||    27
       Distracted        |       |       |     3 ||     3
  Eat: Chunk             |     1 |     7 |     9 ||    17
       Ration            |       |       |     1 ||     1
Armor: Skin              |     3 |     3 |     3 ||     9
Dodge: Dodged            |    15 |    43 |    83 ||   141
Block: Kite shield       |    20 |    46 |    94 ||   160
